 Dungeon Crawl Stone Soup version 0.18-a0-902-g8738618 (webtiles) character file.

2 Jmtri7 the Charlatan (level 1, -4/15 HPs)
             Began as a Formicid Artificer on Dec 25, 2015.
             Slain by a wyvern (11 damage)
             ... on level 13 of the Dungeon.
             The game lasted 00:01:05 (59 turns).

Jmtri7 the Charlatan (Formicid Artificer)             Turns: 59, Time: 00:01:05

Health: -4/15      AC:  3    Str: 15    XL:     1   Next: 44%
Magic:  3/3        EV: 11    Int: 11    God:
Gold:   9          SH:  0    Dex: 11    Spells: 0 memorised, 0 levels left

rFire  . . .     SeeInvis +     a - +0 short sword
rCold  . . .     Gourm    .     b - +0 leather armour
rNeg   . . .     Faith    .     (no shield)
rPois  .         Spirit   .     (helmet unavailable)
rElec  .         Dismiss  .     (no cloak)
rCorr  .         Reflect  .     (no gloves)
SustAt .         Harm     .     (no boots)
MR     .....                    (no amulet)
Stlth  +.........               (no ring)
                                (no ring)

@: not resistant to hostile enchantments, very unstealthy
A: permanent stasis, dig shafts and tunnels, four strong arms, antennae 3
a: Dig, Shaft Self


You were on level 13 of the Dungeon.
You were not hungry.

You visited 1 branch of the dungeon, and saw 7 of its levels.

You collected 9 gold pieces.

Inventory:

Hand Weapons
 a - a +0 short sword (weapon)
Armour
 b - a +0 leather armour (worn)
Wands
 c - a wand of flame (15/48)
 d - a wand of enslavement (8/24)
 e - a wand of random effects (15/48)
 g - a wand of slowing (18/48)
Comestibles
 f - a bread ration


   Skills:
 - Level 1.1 Fighting
 - Level 1.0 Short Blades
 - Level 1.7 Dodging
 - Level 1.2 Stealth
 + Level 3.5 Evocations


You couldn't memorise any spells.
You didn't know any spells.

Dungeon Overview and Level Annotations

Branches:
Dungeon (1/15)

Altars:
The Shining One


Innate Abilities, Weirdness & Mutations

You are under a permanent stasis effect.
You can dig through walls and to a lower floor.
Your four strong arms can wield two-handed weapons with a shield.
You have a pair of large antennae on your head (SInv).


Message History

Your black bear claws the centaur.
Your black bear barely misses the centaur.
You sense a monster nearby. x6
A shaft appears beneath you!
You fall through a shaft for 2 floors!
The shaft crumbles and collapses.
A wyvern comes into view.
Found a ring mail, a scroll labeled GAT FEONIE and 3 fruits.
Zapping:
d - a wand of enslavement (10/24)
Press: ? - help, Shift-Dir - straight line, f - wyvern
Aim: a wyvern (resting, chance to defeat MR: 52%)
The wyvern resists with significant effort.
This wand has 9 charges left.
Zapping:
d - a wand of enslavement (9/24)
Press: ? - help, Shift-Dir - straight line, f/p - wyvern
Aim: a wyvern (chance to defeat MR: 52%)
The wyvern resists with significant effort.
This wand has 8 charges left.
The wyvern bites you!
Ouch! That really hurt!
You die...

##.....##
##.......##
#.%.......#
+.?.......+
#.........#
#.......#
#...[.#
#.l@#
.......##
######. #.
.. .. ...
#..


You could see a wyvern.

Vanquished Creatures (collateral kills)
  2 orcs (D:11)
2 creatures vanquished.

Vanquished Creatures (others)
  A centaur skeleton (D:11)
1 creature vanquished.

Grand Total: 3 creatures vanquished

Notes
Turn   | Place    | Note
--------------------------------------------------------------
     0 | D:1      | Jmtri7 the Formicid Artificer began the quest for the Orb.
     0 | D:1      | Reached XP level 1. HP: 15/15 MP: 3/3
     3 | D:1      | You fall through a shaft!
     8 | D:2      | Found a glowing golden altar of the Shining One.
    11 | D:2      | You fall through a shaft for 2 floors!
    14 | D:4      | You fall through a shaft for 2 floors!
    14 | D:6      | Noticed a hound
    14 | D:6      | Noticed a quasit
    17 | D:6      | You fall through a shaft for 2 floors!
    17 | D:8      | Noticed a crimson imp
    17 | D:8      | Noticed an iguana
    17 | D:8      | Noticed a wight
    17 | D:8      | Noticed a wight
    17 | D:8      | Noticed a wight
    17 | D:8      | Noticed a wight
    17 | D:8      | Noticed a wight
    20 | D:8      | You fall through a shaft for 3 floors!
    20 | D:11     | Noticed a centaur
    20 | D:11     | Noticed a centaur skeleton
    24 | D:11     | Noticed a black bear
    53 | D:11     | Noticed a necrophage
    55 | D:11     | Noticed an orc warrior
    56 | D:11     | Noticed an orc wizard
    57 | D:11     | Noticed a hound
    57 | D:11     | You fall through a shaft for 2 floors!
    57 | D:13     | Noticed a wyvern
    59 | D:13     | Slain by a wyvern

Vault maps used:
D:1:      matt_arrival_refuge
D:2:      lemuel_doored_altar, minmay_shallow_snake_nest
D:4:      uniq_menkaure
D:6:      minmay_temple_entry_poolview, serial_bayou_lagoon_a,
          uniq_crazy_yiuf_cottage, uniq_edmund
D:8:      erik_lair_orcish_takeover, uniq_erolcha
D:11:     uniq_psyche

Action                   || total
-------------------------++-------
 Abil: Shaft Self        ||     6
       Dig               ||     1
Evoke: Wand              ||     7
